 Dungeon Crawl Stone Soup version 0.22-a0-110-g5b255cf (webtiles) character file.

108 SnubMonkey the Shooter (level 4, 0/37 HPs)
             Began as a Centaur Hunter on Jan 27, 2018.
             Killed from afar by Natasha (9 damage)
             ... with a wand of flame (25)
             ... on level 2 of the Dungeon.
             The game lasted 00:03:54 (2145 turns).

SnubMonkey the Shooter (Centaur Hunter)             Turns: 2145, Time: 00:03:54

Health: 0/37       AC:  4    Str: 16    XL:     4   Next: 58%
Magic:  4/4        EV:  9    Int: 10    God:
Gold:   69         SH:  0    Dex:  9    Spells: 3/3 levels left

rFire    . . .     SeeInvis .   b - +0 short sword
rCold    . . .     Gourm    .   (no shield)
rNeg     . . .     Faith    .   c - +0 leather armour
rPois    .         Spirit   .   (no helmet)
rElec    .         Reflect  .   (no cloak)
rCorr    .         Harm     .   (no gloves)
MR       .....                  (no barding)
Stlth    +.........             (no amulet)
HPRegen  0.12/turn              (no ring)
MPRegen  0.09/turn              (no ring)

@: very quick
A: large, hooves 3, deformed body, speed 2, tough skin 3
a: no special abilities


You were on level 2 of the Dungeon.
You were not hungry.

You visited 1 branch of the dungeon, and saw 2 of its levels.

You collected 69 gold pieces.

Inventory:

Hand Weapons
 a - a +1 shortbow
 b - a +0 short sword (weapon)
Armour
 c - a +0 leather armour (worn)
 d - a +0 scale mail
Scrolls
 g - a scroll of remove curse {unknown}
 i - a scroll of blinking {unknown}
 k - a scroll of immolation {unknown}
 m - a scroll of magic mapping {unknown}
Potions
 e - a potion of heal wounds {unknown}
 h - a potion of lignification {unknown}
 j - a potion of degeneration {unknown}
 l - a potion of might {unknown}
Comestibles
 f - 3 rations


   Skills:
 + Level 2.8 Fighting
 + Level 7.5 Bows
 - Level 1.3 Dodging
 - Level 0.4 Stealth


You had 3 spell levels left.
You didn't know any spells.

Dungeon Overview and Level Annotations

Branches:
Dungeon (2/15)

Altars:
The Shining One

Annotations:
D:2 Natasha, Robin


Innate Abilities, Weirdness & Mutations

You have hooves in place of feet.
Armour fits poorly on your strangely shaped body.
You cover ground very quickly.
You have extremely tough skin. (AC +3)


Message History

The goblins go into a battle-frenzy!
The hobgoblin hits you.
* * * LOW HITPOINT WARNING * * *
You hear an angry hiss.
You barely miss the goblin.
You kill the goblin!
The hobgoblin closely misses you. The hobgoblin barely misses you.
The goblin no longer looks unusually strong.
Robin zaps a wand.
Some rock shatters into small pieces.
Natasha hisses angrily.
The hobgoblin no longer looks unusually strong.
The hobgoblin no longer looks unusually strong.
The goblin no longer looks unusually strong.
Robin throws the goblin at you!
The goblin shoots a stone.
The stone hits you but does no damage. The goblin hits you with a dagger.
* * * LOW HITPOINT WARNING * * *
You see here a stone.
Natasha zaps a wand.
The puff of flame hits you!
You die... g

##..)...###.######
'#.....gg.##.#
##....#.#(g.#.#
#.......#..##.#
#........#gg##.####
.........#..##....#
.........gh.#####.#
..#.###.....#####.######
.. #.@(g..............
#..#...##.......###
#.####..................
............##.......###
#.####......##.........)
#......##.......###
#.####......##.....(.#
#............#.......###
#.####..#..#.##.#...>...


You could see Natasha, 2 hobgoblins and 3 goblins.

Vanquished Creatures
  Natasha (D:2)
  A hound skeleton (D:2)
  2 adders (D:2)
  A worm (D:2)
  A dart slug (D:1)
  A leopard gecko (D:2)
  A giant cockroach (D:2)
  5 hobgoblins
  6 jackals (D:1)
  7 kobolds
  A ball python (D:1)
  6 bats
  A frilled lizard (D:1)
  11 goblins
  3 rats
48 creatures vanquished.

Notes
Turn   | Place    | Note
-------+----------+-------------------------------------------
     0 | D:1      | SnubMonkey the Centaur Hunter began the quest for the Orb.
     0 | D:1      | Reached XP level 1. HP: 17/17 MP: 1/1
   111 | D:1      | Reached XP level 2. HP: 17/24 MP: 2/2
   115 | D:1      | Reached skill level 6 in Bows
   893 | D:2      | Noticed Natasha
   898 | D:2      | Killed Natasha
   898 | D:2      | Reached skill level 7 in Bows
   898 | D:2      | Reached XP level 3. HP: 29/29 MP: 3/3
   944 | D:2      | Noticed Natasha
  1614 | D:2      | Reached XP level 4. HP: 35/37 MP: 4/4
  2109 | D:2      | Found a glowing golden altar of the Shining One.
  2109 | D:2      | Noticed Robin
  2145 | D:2      | Killed from afar by Natasha

Vault maps used:
D:1:      dpeg_arrival_water_temple_mockup
D:2:      makhleb_grotto_becter, lemuel_coloured_pillars_altar, tso_metal_star,
          uniq_natasha, uniq_robin

Skill      XL: |  1  2 |
---------------+-------+-----
Bows           | 7 |  7.5
Fighting       | |  2.8
Dodging        | |  1.3
Stealth        | |  0.4

Action                   |  1- 3 |  4- 6 || total
-------------------------+-------+-------++-------
Melee: Short sword       |    31 |    58 ||    89
       Kick              |     5 |    11 ||    16
 Fire: Shortbow          |    67 |       ||    67
  Eat: Chunk             |     1 |     2 ||     3
Armor: Leather armour    |    33 |    41 ||    74
Dodge: Dodged            |    22 |    37 ||    59

Table legend:
 A = Spawn XP
 B = Non-spawn XP
 C = Spawn XP percentage of total XP
 D = Spawn monster count
 E = Non-spawn monster count
 F = Spawn count percentage of total count
 G = Total turns spent on level
                    A         B        C        D         E        F      G
               +---------+---------+-------+---------+---------+-------+---------
         Total |       0 |     155 |   0.0 |       0 |      48 |   0.0 |  2145
               +---------+---------+-------+---------+---------+-------+---------
           D:1 |       0 |      41 |   0.0 |       0 |      24 |   0.0 |  1516
           D:2 |       0 |     114 |   0.0 |       0 |      24 |   0.0 |   629
               +---------+---------+-------+---------+---------+-------+---------
